 Dungeon Crawl Stone Soup version 0.31-a0-190-g4feb4907b2 (webtiles) character file.

Game seed: 10199764127109532387

460 qw the Skirmisher (level 6, -1/37 HPs)
             Began as a Deep Elf Hunter on June 23, 2023.
             Slain by Edmund
             ... wielding a +1 dire flail of protection
              (5 damage)
             ... on level 4 of the Dungeon.
             The game lasted 00:00:59 (2641 turns).

qw the Skirmisher (Deep Elf Hunter)                 Turns: 2641, Time: 00:01:00

Health: -1/37      AC:  0    Str: 10      XL:     6   Next: 78%
Magic:  8/8        EV: 15    Int: 12 (14) God:
Gold:   95         SH:  0    Dex: 18      Spells: 5/5 levels left

rFire   . . .        Y - melded +0 shortbow
rCold   . . .        (shield currently unavailable)
rNeg    . . .        e - melded +0 ring mail
rPois   .            f - melded +1 helmet
rElec   .            (cloak currently unavailable)
rCorr   .            (gloves currently unavailable)
SInv    .            g - melded +0 pair of boots
Will    .....        (no amulet)
Stlth   ++           k - melded +6 ring of dexterity
HPRegen 0.26/turn    l - melded +5 ring of evasion
MPRegen 0.11/turn

%: no passive effects
@: about to teleport, pig-form (expiring), very quick
A: fast, no casting, small
a: no special abilities


You were on level 4 of the Dungeon.
You were a filthy swine.
You visited 1 branch of the dungeon, and saw 4 of its levels.

You collected 200 gold pieces.
You spent 105 gold pieces at shops.


   Skills:
 - Level 3.2 Fighting
 - Level 9.4 Ranged Weapons
 + Level 0.2 Armour
 - Level 3.2 Dodging
 - Level 1.2 Stealth


You had 5 spell levels left.
You didn't know any spells.
Your spell library was empty.

Inventory:

Hand Weapons
 Y - a +0 shortbow (melded)
Armour
 e - a +0 ring mail (melded)
 f - a +1 helmet (melded)
 g - a +0 pair of boots (melded)
Jewellery
 a - a ring of willpower
 k - a +6 ring of dexterity (melded)
 l - a +5 ring of evasion (melded)
Scrolls
 c - 5 scrolls of teleportation
 d - a scroll of immolation {unknown}
Potions
 b - a potion of lignification {unknown}
 h - 2 potions of berserk rage {unknown}
 i - a potion of mutation {unknown}
 j - a potion of curing {unknown}

Dungeon Overview and Level Annotations

Branches:
Dungeon (4/15)
 Temple: D:4-7

Altars:
Yredelemnul
Zin

Shops:
D:3 *

Annotations:
D:3 1 transporter, qw's ghost, weakling DEHu
D:4 Edmund


Message History

Your +0 shortbow melds into your body.
Your +1 helmet melds into your body.
Your +0 pair of boots melds into your body.
Your +0 ring mail melds into your body.
Your +6 ring of dexterity melds into your body.
Your +5 ring of evasion melds into your body.
You feel clumsy.
You start waiting.
Edmund is nearby!
You barely miss Edmund.
Edmund is lightly wounded.
Edmund completely misses you.
You barely miss Edmund.
Edmund is lightly wounded.
Edmund barely misses you.
You hit Edmund but do no damage.
Edmund is lightly wounded.
Edmund hits you with a +1 dire flail of protection.
You hit Edmund but do no damage.
Edmund is lightly wounded.
Edmund closely misses you.
You barely miss Edmund.
Edmund is lightly wounded.
Your transformation is almost over.
You hit Edmund.
Edmund is lightly wounded.
Edmund hits you with a +1 dire flail of protection!
You hit Edmund.
Edmund is moderately wounded.
Edmund hits you with a +1 dire flail of protection!
You hit Edmund but do no damage.
Edmund is moderately wounded.
Edmund hits you with a +1 dire flail of protection!
2640 ||| READING 6 scrolls of teleportation.
As you read the scroll of teleportation, it crumbles to dust.
You feel strangely unstable. Edmund misses you.
You hit Edmund.
Edmund is moderately wounded.
Edmund hits you with a +1 dire flail of protection.
You die...

.####.##.#..)#.#
.####.##.#.%...#
......##.......#
##......)####.##
#.#..........#
#.#.#........#
#.#..........##########
#.............@.......##
####.#........#h##.....#
#####.#........#........##
#.....#........###.......#
#.##### .##.#..###.......#
#.# ...........%....#
#)### .....####..[....#
....# . #.......# #.#.#
#......<# #.#.# #.......#


You could see Edmund.

Vanquished Creatures
  Sigmund (D:4)
  A water moccasin (D:4)
  An orc priest (D:3)
  An orc wizard (D:3)
  A scorpion zombie (D:3)
  A hound zombie (D:3)
  2 adders
  An ufetubus (D:4)
  An adder zombie (D:3)
  3 worms
  3 dart slugs (D:1)
  4 orcs
  2 ball pythons
  8 endoplasms
  A giant cockroach (D:4)
  5 goblins
  9 hobgoblins
  4 jackals (D:1)
  7 kobolds
  A quokka (D:2)
  A ball python zombie (D:3)
  2 bats (D:1)
  4 rats
64 creatures vanquished.

Notes
Turn   | Place    | Note
-------+----------+-------------------------------------------
     0 | D:1      | qw the Deep Elf Hunter began the quest for the Orb.
     0 | D:1      | Reached XP level 1. HP: 12/12 MP: 3/3
     0 | D:1      | 0 ||| qw: Version: 0.3-a-9-g12657ce
     0 | D:1      | 0 ||| qw: Game counter: 4483
     0 | D:1      | 0 ||| qw: Always use a shield: true
     0 | D:1      | 0 ||| qw: God list: Okawaru
     0 | D:1      | 0 ||| qw: Allow faded altars: false
     0 | D:1      | 0 ||| qw: Do Orc after D:15 true
     0 | D:1      | 0 ||| qw: Do second Lair branch before Depths: true
     0 | D:1      | 0 ||| qw: Lair rune preference: random
     0 | D:1      | 0 ||| qw: Plans: Normal
     0 | D:1      | 0 ||| PLANNING D:1-11
    96 | D:1      | Reached skill level 6 in Ranged Weapons
    96 | D:1      | Reached XP level 2. HP: 13/16 MP: 4/4
   192 | D:1      | Found a faded altar of an unknown god.
   264 | D:1      | 264 ||| FLEEEEING.
   292 | D:1      | Reached XP level 3. HP: 20/20 MP: 5/5
   453 | D:1      | 453 ||| UPGRADING to +0 ring mail.
   463 | D:1      | 463 ||| DROPPING +0 leather armour.
   464 | D:1      | 464 ||| UPGRADING to +0 helmet.
   469 | D:1      | 469 ||| UPGRADING to +0 pair of boots.
   474 | D:1      | 474 ||| UPGRADING to +6 ring of dexterity.
   475 | D:1      | 475 ||| UPGRADING to +5 ring of evasion.
   476 | D:1      | 476 ||| READING scroll labelled GIMMEU ORINGI.
   477 | D:1      | 477 ||| READING scroll labelled TIKOLAJEIL.
   578 | D:1      | 578 ||| DROPPING scroll of butterflies.
   849 | D:2      | Reached skill level 7 in Ranged Weapons
   967 | D:2      | Found a glowing silver altar of Zin.
  1311 | D:2      | 1311 ||| READING scroll labelled INTUYR COYMO.
  1372 | D:3      | Reached XP level 4. HP: 25/25 MP: 6/6
  1393 | D:3      | Reached skill level 8 in Ranged Weapons
  1485 | D:3      | Found a basalt altar of Yredelemnul.
  1518 | D:3      | Reached skill level 3 in Dodging
  1518 | D:3      | Reached XP level 5. HP: 23/29 MP: 7/7
  1600 | D:3      | Found Razxir's General Store.
  1609 | D:3      | 1609 ||| SHOPLISTING potion of cancellation (112 gold, have
                  | 110).
  1609 | D:3      | 1609 ||| BUYING scroll of enchant armour (105 gold).
  1609 | D:3      | Bought a scroll of enchant armour for 105 gold pieces
  1609 | D:3      | 1609 ||| SHOPLISTING scroll of teleportation (42 gold, have
                  | 5).
  1609 | D:3      | 1609 ||| READING scroll of enchant armour.
  1609 | D:3      | 1609 ||| ENCHANTING +0 helmet.
  1687 | D:3      | Noticed an ogre
  1688 | D:3      | Noticed qw's ghost (weakling DEHu)
  1689 | D:3      | Found a transporter.
  1690 | D:3      | Identified the +7 giant spiked club of Weudwiju {heavy,
                  | Drain Will+ Stlth+}
  1690 | D:3      | Noticed an ogre
  2093 | D:3      | 2093 ||| READING 7 scrolls labelled QOMNIO AFOIRR.
  2096 | D:3      | 2096 ||| READING 2 scrolls labelled NAP WOHOTU.
  2097 | D:3      | 2097 ||| READING scroll labelled UCVELLU PIQIRENIHU.
  2098 | D:3      | 2098 ||| READING 2 scrolls labelled OCWOR ZATHRODGH.
  2099 | D:3      | 2099 ||| DRINKING 2 emerald potions.
  2100 | D:3      | 2100 ||| DROPPING potion of degeneration.
  2101 | D:3      | 2101 ||| DROPPING scroll of noise.
  2102 | D:3      | 2102 ||| DROPPING scroll of poison.
  2279 | D:4      | Noticed a water moccasin
  2290 | D:4      | Killed a water moccasin
  2291 | D:4      | Reached skill level 9 in Ranged Weapons
  2291 | D:4      | Reached XP level 6. HP: 19/34 MP: 8/8
  2520 | D:4      | Noticed Sigmund
  2540 | D:4      | Killed Sigmund
  2541 | D:4      | Reached skill level 3 in Fighting
  2624 | D:4      | Noticed Edmund
  2639 | D:4      | HP: 4/37 [Edmund/+1 dire flail of protection (11)]
  2640 | D:4      | 2640 ||| READING 6 scrolls of teleportation.
  2641 | D:4      | Slain by Edmund

Levels and vault maps discovered:
D:1:      matt_arrival_refuge, layout_rooms,
          hellmonk_ecumenical_altar_arch_garden, minmay_pentomino_x4
D:2:      layout_basic, basic_altar, minmay_misc_feat_secret_circle,
          minmay_misc_feat_rugged, st_stairs_6
D:3:      layout_loops_ring, nicolae_yredelemnul_corpse_copse, serial_shops,
          nicolae_shop_statue_plus, gammafunk_ghost_smash
D:4:      layout_loops_cross, uniq_duvessa, uniq_sigmund, uniq_edmund

Skill      XL: |  1  2  3  4  5  6 |
---------------+-------------------+-----
Ranged Weapons | 6 7 8 9 |  9.4
Dodging        | 3 |  3.2
Fighting       | 3 |  3.2
Armour         | |  0.2
Stealth        | |  1.2

Action                     |  1- 3 |  4- 6 || total
---------------------------+-------+-------++-------
  Melee: Unarmed           |       |     9 ||     9
   Fire: Shortbow          |    84 |   135 ||   219
    Use: Scroll            |     3 |     6 ||     9
         Potion            |       |     1 ||     1
 Armour: Leather armour    |     5 |       ||     5
         Ring mail         |     1 |    17 ||    18
  Dodge: Dodged            |    19 |    59 ||    78

Table legend:
 A = Non-vault XP
 B = Vault XP
 C = Vault XP percentage of total XP
 D = Non-vault monster count
 E = Vault monster count
 F = Vault count percentage of total count
                 A         B        C        D         E       F
            +---------+---------+-------+---------+---------+-------
      Total |     366 |     292 |  44.4 |      54 |      10 |  15.6
            +---------+---------+-------+---------+---------+-------
        D:1 |      45 |       5 |  10.0 |      21 |       3 |  12.5
        D:2 |      26 |       3 |  10.3 |       7 |       2 |  22.2
        D:3 |     116 |      61 |  34.5 |      14 |       4 |  22.2
        D:4 |     179 |     223 |  55.5 |      12 |       1 |   7.7
            +---------+---------+-------+---------+---------+-------
